 Dungeon Crawl Stone Soup version 0.20.1-1-g8b1a95d (webtiles) character file.

469 vishdafish the Ruffian (level 6, 0/62 HPs)
             Began as a Troll Fighter on July 7, 2017.
             Slain by Menkaure (14 damage)
             ... on level 5 of the Dungeon.
             The game lasted 00:04:44 (3346 turns).

vishdafish the Ruffian (Troll Fighter)              Turns: 3346, Time: 00:04:45

Health: 0/62       AC:  5    Str: 31    XL:     6   Next: 82%
Magic:  5/5        EV:  9    Int:  4    God:
Gold:   282        SH: 10    Dex: 10    Spells: 5/5 levels left

rFire    x . .     SeeInvis .     - Unarmed
rCold    + . .     Gourm    +   b - +0 shield
rNeg     . . .     Faith    .   a - +0 robe
rPois    .         Spirit   .   (helmet restricted)
rElec    .         Reflect  .   (no cloak)
rCorr    .         Harm     .   (gloves unavailable)
MR       .....                  (boots unavailable)
Stlth    +.........             (no amulet)
Regen    0.6/turn               j - ring of ice (curse)
MPRegen  0.1/turn               w - ring of wizardry

@: mighty
A: unfitting armour, claws 3, fast metabolism 3, gourmand, regeneration 1,
shaggy fur 1, tough skin 2
a: no special abilities


You were on level 5 of the Dungeon.
You were full.

You visited 1 branch of the dungeon, and saw 5 of its levels.

You collected 282 gold pieces.

Inventory:

Armour
 a - a +0 robe (worn)
 b - a +0 shield (worn)
Jewellery
 j - a cursed ring of ice (left claw)
 w - a ring of wizardry (right claw)
Scrolls
 e - 2 scrolls of amnesia {unknown}
 i - 2 scrolls of identify {unknown}
 n - a scroll of enchant armour {unknown}
 r - 2 scrolls of remove curse {unknown}
 s - a scroll of enchant weapon {unknown}
 t - a scroll of magic mapping {unknown}
 u - 2 scrolls of immolation {unknown}
Potions
 c - 2 potions of might
 f - a potion of resistance {unknown}
 g - a potion of agility {unknown}
 k - 2 potions of heal wounds {unknown}
 l - a potion of flight {unknown}
 o - 2 potions of curing {unknown}
 p - a potion of cancellation {unknown}
 q - 2 potions of lignification {unknown}
 v - a potion of magic {unknown}
Comestibles
 d - 4 bread rations
 h - 2 royal jellies
 m - 3 meat rations


   Skills:
 + Level 3.8 Fighting
 + Level 3.5 Dodging
 + Level 3.6 Shields
 * Level 4.6 Unarmed Combat


You had 5 spell levels left.
You didn't know any spells.

Dungeon Overview and Level Annotations

Branches:
Dungeon (5/15)
 Temple: D:4-7

Altars:
Ashenzari
Makhleb
Qazlal
Vehumet

Annotations:
D:5 Menkaure


Innate Abilities, Weirdness & Mutations

You are too large for most types of armour.
You have claws for hands.
Your metabolism is lightning-fast.
You like to eat raw meat.
Your natural rate of healing is unusually fast.
You are covered in fur. (AC +1)
You have very tough skin. (AC +2)


Message History

Menkaure shouts, "Why can't you leave me to my rest?"
Menkaure is no longer moving quickly.
Things that are here:
a dagger; a leather armour; an orc corpse Menkaure sighs drily.
You feel very mighty all of a sudden.
The ice beast hits you but does no damage.
You claw the ice beast!
You kill the ice beast!
You claw Menkaure!
Menkaure is heavily damaged.
Menkaure hits you.
You scratch Menkaure.
Menkaure is severely damaged.
Menkaure hits you.
* * * LOW HITPOINT WARNING * * *
You barely miss Menkaure.
Menkaure is severely damaged.
Menkaure hits you!
You die...

###
#######.###########
......#...........#
#....
........#########.#
#...#
+##..##.#.@....##.#
#...#
#..##.#M####.##.#
#...# #..##.#)#
#.##)# ....#
#..##.#.# #.##.#
+...#####.....#.#
#.##.#
##.........####.#
#.##.#
..............#.#
#.##.#
#...#.#.#####.#.#
#.##.# ..#<#.#.#
#.# #.##.#


You could see Menkaure.

Vanquished Creatures
  An ice beast (D:5)
  A phantom (D:5)
  A scorpion (D:4)
  A centaur zombie (D:4)
  2 hounds
  2 orc wizards (D:4)
  A worker ant (D:5)
  8 adders
  3 dart slugs
  2 leopard geckos (D:1)
  6 orcs
  A ball python (D:1)
  A giant cockroach (D:1)
  7 goblins
  6 hobgoblins
  8 jackals
  13 kobolds
  2 quokkas
  A ball python skeleton (D:4)
  10 bats
  4 frilled lizards
  3 rats (D:1)
84 creatures vanquished.

Notes
Turn   | Place    | Note
-------+----------+-------------------------------------------
     0 | D:1      | vishdafish the Troll Fighter began the quest for the Orb.
     0 | D:1      | Reached XP level 1. HP: 22/22 MP: 0/0
    90 | D:1      | Reached XP level 2. HP: 29/29 MP: 1/1
   439 | D:1      | Reached XP level 3. HP: 36/36 MP: 2/2
  1231 | D:2      | Reached skill level 3 in Unarmed Combat
  1301 | D:2      | Reached XP level 4. HP: 42/44 MP: 3/3
  1490 | D:2      | Found a stormy altar of Qazlal.
  1904 | D:3      | Found a radiant altar of Vehumet.
  2579 | D:4      | Reached XP level 5. HP: 40/53 MP: 4/4
  2859 | D:4      | Reached skill level 4 in Unarmed Combat
  2859 | D:4      | Reached XP level 6. HP: 47/61 MP: 5/5
  2931 | D:4      | Found a burning altar of Makhleb.
  2931 | D:4      | Noticed a blizzard demon
  3192 | D:5      | Entered Level 5 of the Dungeon
  3278 | D:5      | Found a shattered altar of Ashenzari.
  3295 | D:5      | Noticed Menkaure
  3297 | D:5      | Noticed an ice beast
  3342 | D:5      | Killed an ice beast
  3346 | D:5      | Slain by Menkaure

Skill      XL: |  1  2  3  4  5 |
---------------+----------------+-----
Unarmed Combat | 3 4 |  4.6
Fighting       | 3 |  3.8
Shields        | 3 |  3.6
Dodging        | 3 |  3.5

Action                   |  1- 3 |  4- 6 || total
-------------------------+-------+-------++-------
Melee: Unarmed           |   128 |   120 ||   248
  Use: Potion            |       |     1 ||     1
  Eat: Chunk             |    10 |    19 ||    29
       Bread ration      |     1 |       ||     1
Armor: Robe              |    49 |    14 ||    63
Dodge: Dodged            |    46 |    39 ||    85
Block: Shield            |    71 |    38 ||   109
